 Dungeon Crawl Stone Soup version 0.26.0-41-g79a4fc7684 (webtiles) character file.

Game seed: 1876509155914944891

10180 thiole the Fighter (level 11, 0/74 (82) HPs)
             Began as an Octopode Hedge Wizard on Jan 26, 2021.
             Was an Initiate of Gozag.
             Killed from afar by Josephine (10 damage)
             ... with a ghostly fireball
             ... on level 12 of the Dungeon.
             The game lasted 01:04:17 (24332 turns).

thiole the Fighter (Octopode Hedge Wizard)         Turns: 24332, Time: 01:04:18

HP:   0/74 (82)     AC:  1    Str: 10    XL:     11   Next: 58%
MP:   17/17         EV: 24    Int: 34    God:    Gozag
Gold: 401           SH:  0    Dex: 19    Spells: 4/18 levels left

rFire    . . .     SeeInvis .   r - staff of air
rCold    + + .     Faith    .   C - +2 buckler {rC+}
rNeg     + . .     Spirit   .   b - +0 hat
rPois    .         Reflect  .   (no amulet)
rElec    +         Harm     .   o - +6 ring of intelligence
rCorr    +         Rampage  .   h - +6 ring of dexterity
Will     .....                  y - ring of resist corrosion
Stlth    ++........             z - +6 ring of intelligence
HPRegen  0.22/turn              g - +4 ring of evasion
MPRegen  0.15/turn              p - ring "Tuhigep" {+Blink +Inv rN+ Dex+2}
                                t - ring of flight
                                L - ring of protection from cold

@: confused, lethally poisoned (0 -> -22), berserk cooldown, hasted and slowed,
drained
A: almost no armour, stealthy swim, amphibious, 8 rings, constrict 8, camouflage
1, clever 1, wild magic 1, gelatinous body 1
a: Renounce Religion, Evoke Blink, Evoke Invisibility, Evoke Flight, Potion
Petition, Call Merchant, Bribe Branch


You were on level 12 of the Dungeon.
You worshipped Gozag.
Gozag was aware of your devotion.
You visited 2 branches of the dungeon, and saw 13 of its levels.
You also visited: Sewer.

You collected 1897 gold pieces.
You spent 176 gold pieces at shops.
You paid 1320 gold pieces to Gozag.

Inventory:

Hand Weapons
 a - a +0 dagger
 f - a +1 hand axe of distortion
Missiles
 k - 41 poisoned darts
Armour
 b - a +0 hat (worn)
 C - a +2 buckler of cold resistance (worn)
Magical Staves
 r - an uncursed staff of air (weapon)
Jewellery
 d - an uncursed ring of ice
 g - a +4 ring of evasion (on tentacle)
 h - a +6 ring of dexterity (right tentacle)
 o - a +6 ring of intelligence (left tentacle)
 p - the ring "Tuhigep" (on tentacle) {+Blink +Inv rN+ Dex+2}
   (You acquired it on level 8 of the Dungeon)

   [ring of positive energy]

   It affects your dexterity (+2).
   It protects you from negative energy.
   It lets you turn invisible.
   It lets you blink.
 t - a ring of flight (on tentacle)
 y - a ring of resist corrosion (on tentacle)
 z - a +6 ring of intelligence (on tentacle)
 L - a ring of protection from cold (on tentacle)
Wands
 e - a wand of paralysis (25)
 l - a wand of iceblast (24)
 v - a wand of random effects (18)
 w - a wand of polymorph (9)
 A - a wand of disintegration (23)
 E - a wand of flame (16)
 F - a wand of digging (2)
Scrolls
 c - 6 scrolls of remove curse
 s - 3 scrolls of magic mapping
 D - a scroll of immolation {unknown}
 G - a scroll of blinking {unknown}
 H - 3 scrolls of enchant armour {unknown}
 I - 2 scrolls of enchant weapon
 J - a scroll of silence {unknown}
 K - a scroll of fog
Potions
 i - 6 potions of flight
 n - a potion of magic
 q - 3 potions of brilliance
 x - 2 potions of mutation
 B - 2 potions of cancellation
 N - a potion of curing
Miscellaneous
 M - a box of beasts


   Skills:
 + Level 10.6 Fighting
 + Level 8.3 Dodging
 - Level 5.0 Stealth
 - Level 4.0 Shields
 - Level 4.0 Spellcasting
 - Level 2.0 Conjurations
 - Level 2.0 Summonings
 - Level 1.0 Translocations
 * Level 5.8 Transmutations
 - Level 2.0 Air Magic
 * Level 5.8 Earth Magic
 - Level 2.0 Poison Magic
 - Level 4.8 Evocations


You had 4 spell levels left.
You knew the following spells:

 Your Spells              Type           Power        Failure   Level
a - Magic Dart            Conj           100%         4%          1
b - Call Imp              Summ           26%          5%          2
c - Blink                 Tloc           N/A          8%          2
d - Mephitic Cloud        Conj/Pois/Air  39%          10%         3
e - Statue Form           Tmut/Erth      38%          65%         6

Your spell library contained the following spells:

 Spells                   Type           Power        Failure   Level
 Sandblast                Erth           100%         1%          1
 Foxfire                  Conj/Fire      68%          5%          1
 Slow                     Hex            8%           12%         2
 Conjure Flame            Conj/Fire      17%          14%         3
 Inner Flame              Hex/Fire       8%           21%         3
 Sticky Flame             Conj/Fire      17%          41%         4
 Fireball                 Conj/Fire      8%           73%         5
 Shatter                  Erth           28%          100%        9


Dungeon Overview and Level Annotations

Branches:
Dungeon (12/15)            Temple (1/1) D:6            Lair (0/6) D:9
    Orc (0/2) D:11          Sewer (visited)

Altars:
Ashenzari
Cheibriados
Dithmenos
Elyvilon
Fedhas
Gozag
Hepliaklqana
Kikubaaqudgha
Makhleb
Nemelex Xobeh
Okawaru
Qazlal
Ru
Sif Muna
Trog
Uskayaw
Vehumet
Wu Jian
Xom
Yredelemnul
Zin
The Shining One
Jiyva

Shops:
D:6 !

Annotations:
D:12 Josephine


Innate Abilities, Weirdness & Mutations

You cannot wear most types of armour.
You are very stealthy in the water. (Stealth+)
You are amphibious.
You can wear up to eight rings at the same time.
You can use your tentacles to constrict eight enemies at once.
Your skin changes colour to match your surroundings (Stealth+).
Your rubbery body absorbs attacks. (AC +1, EV +1)
Your mind is acute. (Int +2)
Your spells are a little harder to cast, but a little more powerful.


Message History

You feel your anger nearly subside.
You are no longer berserk.
You are exhausted.
You feel yourself slow down.
* * * LOW HITPOINT WARNING * * *
You feel sick. The wraith hits you.
* * * LOW HITPOINT WARNING * * *
The wraith drains your vigour!
You feel as though you will be slow longer.
You barely miss Josephine.
Josephine is almost dead.
* * * LOW HITPOINT WARNING * * *
You feel sick.
Josephine hits you with a +0 dagger of venom!
* * * LOW HITPOINT WARNING * * *
The wraith closely misses you. Josephine casts a spell at you.
The ghostly flame explodes!
The ghostly fireball engulfs you! You partially resist.
You feel drained.
You die...
Your body crumbles into a pile of gold.

#.......########....#....
#.......#......#....+....
#######.#......#5..##....
#.#......#...#.....
#.'......#+#.+.....
#.#........#.#..###
#.##########.#5.+..
#..W.......$.####.#
#.@@...#####......#
#..#####...#......#
#..#.......#......#
#..#.......####...#
###..#........W@'....
#....#........W.#....
#....#.5........#...#
#....#.#####....#...#
#....#.'...#....#...#


You could see Josephine and a wraith.

Vanquished Creatures
  Fannar (D:11)
  A tengu warrior (D:10)
  An ugly thing (D:11)
  A cyclops (D:12)
  A manticore (D:12)
  2 wyverns
  4 wraiths (D:12)
  6 yaks
  4 orc warriors
  2 phantoms
  A black bear (D:8)
  3 ice beasts
  A sky beast (D:8)
  A necrophage (D:11)
  3 ogres
  An eye of draining (D:10)
  5 centaurs
  5 bullfrogs
  A wyvern skeleton (D:9)
  2 scorpions
  11 killer bees
  4 wights
  4 howler monkeys (D:11)
  3 quasits
  3 bullfrog zombies
  2 centaur zombies
  8 hounds
  7 orc priests
  A bullfrog skeleton (D:7)
  6 orc wizards
  Ijyb (D:3)
  3 iguanas
  7 worker ants
  A hound zombie (D:6)
  A hound skeleton (D:4)
  3 worker ant zombies
  7 adders
  7 gnolls
  3 shadow imps
  5 white imps
  2 oozes (D:5)
  2 worms (D:5)
  3 dart slugs
  3 leopard geckos
  34 orcs
  3 ball pythons
  4 giant cockroaches
  6 goblins
  10 hobgoblins
  4 jackals (D:3)
  4 quokkas
  8 bats
  13 frilled lizards
  A goblin skeleton (D:9)
  A goblin zombie (D:9)
  3 hobgoblin zombies (D:9)
  10 kobolds
  A kobold skeleton (D:9)
  A kobold zombie (D:9)
  A leopard gecko skeleton (D:4)
  A leopard gecko zombie (D:6)
  2 quokka skeletons (D:4)
  2 quokka zombies
  9 rats
261 creatures vanquished.

Vanquished Creatures (collateral kills)
  A hydra (D:12)
  2 two-headed ogres
  A water moccasin (D:9)
  3 sky beasts
  Purgy (Sewer)
  A black bear (D:10)
  2 ice beasts (D:9)
  The ghost of Cheops the Digger, an amateur DgEE (D:3)
  2 ogres
  A necrophage (D:10)
  A scorpion (D:7)
  3 killer bees
  A wight (D:12)
  A howler monkey (D:4)
  A jelly (D:10)
  2 hounds
  A gnoll shaman (D:6)
  An orc wizard (D:4)
  2 worker ants
  A gnoll (D:6)
  8 orcs
  2 orc skeletons (D:9)
39 creatures vanquished.

Grand Total: 300 creatures vanquished

Notes
Turn   | Place    | Note
-------+----------+-------------------------------------------
     0 | D:1      | thiole the Octopode Hedge Wizard began the quest for the
                  | Orb.
     0 | D:1      | Reached XP level 1. HP: 11/11 MP: 4/4
   286 | D:1      | Reached XP level 2. HP: 17/17 MP: 0/6
   746 | D:1      | Reached XP level 3. HP: 20/21 MP: 3/7
  1023 | D:1      | Found a viscous altar of Jiyva.
  1251 | D:2      | Learned a level 2 spell: Call Imp
  1254 | D:2      | Learned a level 2 spell: Blink
  1258 | D:2      | Learned a level 3 spell: Mephitic Cloud
  2362 | D:3      | Reached skill level 1 in Poison Magic
  2415 | D:3      | Reached XP level 4. HP: 26/27 MP: 3/8
  2524 | D:3      | Found a basalt altar of Yredelemnul.
  2536 | D:3      | Found a stormy altar of Qazlal.
  2581 | D:3      | Noticed Ijyb
  2712 | D:3      | Reached skill level 1 in Air Magic
  2720 | D:3      | Killed Ijyb
  2885 | D:3      | Found a glowing silver altar of Zin.
  3272 | D:3      | Noticed Cheops's ghost (amateur DgEE)
  3284 | D:3      | Found a runed translucent door.
  3437 | D:3      | Found a hide-covered altar of Uskayaw.
  3445 | D:3      | Reached XP level 5. HP: 31/31 MP: 7/10
  3533 | D:3      | Found a white marble altar of Elyvilon.
  3760 | D:3      | Killed Cheops's ghost
  4182 | D:4      | Reached XP level 6. HP: 27/36 MP: 7/12
  4354 | D:4      | Reached skill level 5 in Stealth
  4374 | D:5      | Entered Level 5 of the Dungeon
  4386 | D:5      | Found a glowing drain.
  4426 | Sewer    | Entered a sewer
  4628 | Sewer    | Noticed Purgy
  4655 | Sewer    | Killed Purgy
  4656 | Sewer    | Reached skill level 1 in Fighting
  5317 | D:5      | Reached skill level 2 in Fighting
  5781 | D:5      | Reached XP level 7. HP: 37/45 MP: 2/13
  5792 | D:5      | Reached skill level 3 in Fighting
  7046 | D:4      | Reached skill level 4 in Fighting
  8079 | D:6      | Found Liyblemo's Distillery.
  8339 | D:6      | Bought a potion of mutation for 88 gold pieces
  8339 | D:6      | Bought a potion of mutation for 88 gold pieces
  8339 | D:6      | Gained mutation: Your spells are a little harder to cast,
                  | but a little more powerful. [potion of mutation]
  8339 | D:6      | Gained mutation: Your mind is acute. (Int +2) [potion of
                  | mutation]
  8363 | D:6      | Reached skill level 5 in Fighting
  8502 | D:6      | Reached XP level 8. HP: 17/55 MP: 1/14
  9552 | D:6      | Reached skill level 6 in Fighting
  9753 | D:6      | Found a shimmering altar of Xom.
  9856 | D:6      | Found a broken altar of Ashenzari.
 10342 | D:6      | Reached skill level 5 in Dodging
 10485 | D:6      | Found a staircase to the Ecumenical Temple.
 10492 | Temple   | Entered the Ecumenical Temple
 11365 | D:7      | Reached skill level 7 in Fighting
 12730 | D:8      | Reached XP level 9. HP: 55/65 MP: 7/15
 12997 | D:8      | Reached skill level 8 in Fighting
 13708 | D:8      | Found an ornate altar of the Wu Jian Council.
 13760 | D:8      | Found a hazy altar of Hepliaklqana.
 14112 | D:8      | Found a sparkling altar of Nemelex Xobeh.
 14117 | D:8      | Found an opulent altar of Gozag.
 14148 | D:8      | Became a worshipper of Gozag Ym Sagoz the Greedy
 14520 | D:8      | Identified a scroll of acquirement
 14520 | D:8      | Acquired the ring "Tuhigep" {+Blink +Inv rN+ Dex+2}
 14637 | D:9      | Found a glowing golden altar of the Shining One.
 14656 | D:9      | Reached skill level 9 in Fighting
 14809 | D:9      | Found a staircase to the Lair.
 14947 | D:9      | Reached skill level 1 in Evocations
 15720 | D:9      | Found a bloodstained altar of Trog.
 16101 | D:10     | Entered Level 10 of the Dungeon
 16859 | D:10     | Identified Zobugipt's Catalogue of Dusty Heat
 16868 | D:10     | Learned a level 6 spell: Statue Form
 16955 | D:10     | Reached XP level 10. HP: 74/74 MP: 3/16
 16973 | D:10     | Reached skill level 1 in Transmutations
 16973 | D:10     | Reached skill level 1 in Earth Magic
 16986 | D:10     | Noticed a two-headed ogre
 17224 | D:10     | Noticed a tengu warrior
 17574 | D:10     | Killed a two-headed ogre
 19757 | D:10     | Killed a tengu warrior
 19758 | D:10     | Reached skill level 10 in Fighting
 20681 | D:11     | Reached skill level 1 in Shields
 20999 | D:11     | Found a staircase to the Orcish Mines.
 21571 | D:11     | Noticed a green ugly thing
 21589 | D:11     | Killed a green ugly thing
 21590 | D:11     | Reached XP level 11. HP: 77/81 MP: 7/17
 21750 | D:11     | Noticed Fannar
 21854 | D:11     | Killed Fannar
 22326 | D:12     | Noticed a two-headed ogre
 22339 | D:12     | Killed a two-headed ogre
 22464 | D:12     | Noticed a manticore
 22862 | D:12     | Noticed a cyclops
 22974 | D:12     | Killed a cyclops
 22975 | D:12     | Reached skill level 5 in Transmutations
 22975 | D:12     | Reached skill level 5 in Earth Magic
 23357 | D:12     | Noticed a four-headed hydra
 23370 | D:12     | Killed a four-headed hydra
 23836 | D:12     | Killed a manticore
 23938 | D:12     | Noticed Josephine
 24332 | D:12     | Killed from afar by Josephine

Illustrated notes

Levels and vault maps discovered:
D:1:      erik_arrival_cave_to_civilisation [erik_arrival_cave_to_temple],
          layout_basic, nrook_mini_vaults, minmay_pentomino_p4
D:2:      layout_loops_ring
D:3:      layout_basic, eat_drink_and_be_merry_uskayaw,
          nicolae_overflow_quartered_altars, hellmonk_ghost_happy_afterlife,
          dk_noncrumbling_4, uniq_ijyb
D:4:      layout_loops_cross, due_unseen_surprise
D:5:      layout_loops_corners, cheibrodos_sewer_entry_sluice
D:6:      minmay_skewed_foursquare, layout_loops_ring, lemuel_crystal_altar,
          marbit_many_paths, minmay_temple_entry_wispy, serial_shops,
          kennysheep_little_box
D:7:      layout_basic
D:8:      layout_basic, grunt_temple_overflow_opulence,
          gammafunk_temple_overflow_wave, minmay_misc_feat_more_columns,
          corexii_checkpoint_b
D:9:      layout_basic, lemuel_crystal_altar, nicolae_tso_besieged_by_evil,
          lair_entry_dummy
D:10:     layout_irregular_city, serial_co_window_serial, co_window_paths_b,
          co_window_corner_a, co_window_paths_a, co_window_corner_a,
          co_window_paths_a, co_window_paths_b, co_window_paths_a,
          co_window_2corner, co_window_broadway_b, co_window_unsneaky_path_e,
          co_window_sun, co_window_paths_d, glass_columns_c,
          lightli_fourway_metalbox
D:11:     layout_small_grid, erik_orc_3, uniq_fannar
D:12:     layout_irregular_city, uniq_josephine
Temple:   pf_slimified_temple

Skill      XL: |  1  2  3  4  5  6  7  8  9 10 11 |
---------------+----------------------------------+-----
Stealth        | 3 4 5 |  5.0
Conjurations   | 2 |  2.0
Summonings     | 2 |  2.0
Poison Magic   | 1 2 |  2.0
Air Magic      | 1 2 |  2.0
Spellcasting   | 4 |  4.0
Fighting       | 2 5 7 9 10 | 10.6
Dodging        | 4 5 7 8 |  8.3
Evocations     | 3 4 |  4.8
Transmutations | 4 5 |  5.8
Earth Magic    | 4 5 |  5.8
Shields        | 2 4 |  4.0
Translocations | |  1.0

Action                   |  1- 3 |  4- 6 |  7- 9 | 10-12 || total
-------------------------+-------+-------+-------+-------++-------
Melee: Dagger            |    42 |    57 |       |       ||    99
       Constrict         |     9 |    17 |    32 |    38 ||    96
       Tentacles         |     5 |    12 |    38 |    88 ||   143
       Staff             |       |    12 |   160 |   318 ||   490
 Cast: Magic Dart        |    87 |    86 |   349 |   133 ||   655
       Call Imp          |       |    38 |   105 |   125 ||   268
       Mephitic Cloud    |       |       |    17 |    12 ||    29
       Blink             |       |       |       |     1 ||     1
Invok: Potion Petition   |       |       |       |     2 ||     2
 Abil: Evoke Blink       |       |       |     1 |       ||     1
Evoke: Wand              |       |       |       |    40 ||    40
  Use: Potion            |     1 |     3 |    11 |     9 ||    24
       Scroll            |       |    12 |     9 |     5 ||    26
 Stab: Sleeping          |       |     1 |     4 |     6 ||    11
       Distracted        |       |       |     1 |     7 ||     8
       Confused          |       |       |     2 |     6 ||     8
       Paralysed         |       |       |       |    16 ||    16
Armor: Skin              |     4 |     3 |    24 |    12 ||    43
Dodge: Dodged            |    25 |    68 |   267 |   294 ||   654
Block: Buckler           |       |       |       |    87 ||    87
